 Dungeon Crawl Stone Soup version 0.24-a0-123-ga2403f3307 (webtiles) character file.

Game seed: 112804482771827721

83628 valuechan the Fighter (level 15, -2/109 HPs)
             Began as an Octopode Chaos Knight on Feb 22, 2019.
             Was a High Priest of Okawaru.
             Slain by an orc priest
             ... wielding a +0 flail
              (7 damage)
             ... while paralysed by an orc sorcerer
             ... on level 1 of the Orcish Mines.
             The game lasted 01:27:17 (40327 turns).

valuechan the Fighter (Octopode Chaos Knight)      Turns: 40327, Time: 01:27:17

Health: -2/109     AC:  3    Str: 13    XL:     15   Next: 77%
Magic:  25/25      EV:  2    Int: 15    God:    Okawaru [*****.]
Gold:   2225       SH:  0    Dex: 17    Spells: 8/28 levels left

rFire    + . .     SeeInvis +   U - +0 scimitar
rCold    . . .     Gourm    .   K - +0 shield
rNeg     . . .     Faith    .   d - +2 hat {SInv}
rPois    .         Spirit   .   V - +5 amulet of reflection
rElec    .         Reflect  +   v - +3 ring of dexterity
rCorr    +         Harm     .   F - ring of protection from fire
MR       ++...                  M - ring of stealth
Stlth    +++++.....             P - +3 ring of evasion
HPRegen  0.28/turn              E - ring of resist corrosion
MPRegen  0.19/turn              W - ring of wizardry
                                X - ring of protection from magic
                                (no ring)

@: paralysed
A: almost no armour, stealthy swim, amphibious, 8 rings, constrict 8, tentacle
spike 1, repulsion field 1, camouflage 1, blink, clumsy 1, screaming 1,
gelatinous body 1, MP-powered wands
a: Blink, Heroism, Finesse, Renounce Religion


You were on level 1 of the Orcish Mines.
You worshipped Okawaru.
Okawaru was extremely pleased with you.
You were not hungry.

You visited 3 branches of the dungeon, and saw 23 of its levels.

You collected 2885 gold pieces.
You spent 660 gold pieces at shops.

Inventory:

Hand Weapons
 s - a +0 blowgun
 U - a +0 scimitar (weapon)
Missiles
 z - 5 throwing nets (quivered) {!f}
 A - 6 curare-tipped needles
Armour
 d - a +2 hat of see invisible (worn)
 t - a +0 large shield of reflection
 K - a +0 shield (worn)
 O - the +1 hat of the Doge {Dex+3}
   (Okawaru gifted it to you on level 4 of the Lair of Beasts)

   It affects your dexterity (+3).
Jewellery
 g - the amulet of Taneolom {+Rage Slay+3}
   (You found it on level 6 of the Lair of Beasts)

   [amulet of rage]

   It affects your accuracy and damage with ranged weapons and melee attacks
   (+3).
   It lets you go berserk.
 r - the macabre finger necklace {rN+}
   (You found it on level 8 of the Dungeon)

   [amulet of nothing]

   It protects you from negative energy.
 v - a +3 ring of dexterity (left tentacle)
 E - a ring of resist corrosion (on tentacle)
 F - a ring of protection from fire (right tentacle)
 J - an uncursed amulet of the acrobat {unknown}
 M - a ring of stealth (on tentacle)
 P - a +3 ring of evasion (on tentacle)
 V - a +5 amulet of reflection (around mantle)
 W - a ring of wizardry (on tentacle)
 X - a ring of protection from magic (on tentacle)
Wands
 f - a wand of digging (3)
 k - a wand of clouds (3)
 o - a wand of paralysis (5)
 G - a wand of flame (2)
 Z - a wand of iceblast (3)
Scrolls
 e - 4 scrolls of magic mapping
 i - 8 scrolls of teleportation {@r3}
 l - a scroll of vulnerability
 w - 13 scrolls of remove curse {@r2}
 x - 2 scrolls of fear
 y - a scroll of acquirement
 B - a scroll of summoning
 C - 2 scrolls of enchant weapon
 I - 6 scrolls of enchant armour
 N - a scroll of fog
 Y - 4 scrolls of blinking
Potions
 a - a potion of resistance
 h - 2 potions of invisibility
 j - a potion of ambrosia
 m - 2 potions of magic
 p - 3 potions of lignification
 q - 3 potions of brilliance
 u - 5 potions of heal wounds
 D - a potion of agility
 H - 6 potions of might
 L - 2 potions of berserk rage
 Q - 4 potions of curing {@q1}
 R - 2 potions of haste
 S - 2 potions of mutation
 T - 7 potions of flight
Miscellaneous
 c - a box of beasts
 n - a sack of spiders
Comestibles
 b - 35 rations


   Skills:
 * Level 12.3 Fighting
 - Level 12.0 Long Blades
   Level 3.0 Crossbows
 + Level 10.4 Dodging
 - Level 4.7 Stealth
 * Level 12.1 Shields
 + Level 7.1 Spellcasting
 + Level 1.3 Conjurations
 - Level 2.0 Hexes
 + Level 8.4 Summonings
 - Level 2.0 Necromancy
 - Level 4.0 Translocations
 - Level 6.0 Air Magic
 - Level 1.0 Poison Magic
 - Level 5.0 Invocations
 - Level 3.0 Evocations


You had 8 spell levels left.
You knew the following spells:

 Your Spells              Type           Power        Failure   Level  Hunger
a - Summon Lightning Spi  Summ/Air       ####....     4%          4    ####...
b - Call Canine Familiar  Summ           ####....     1%          3    ##.....
c - Animate Skeleton      Necr           N/A          3%          1    None
d - Apportation           Tloc           ###...       1%          1    None
e - Confusing Touch       Hex            ##....       3%          1    None
f - Summon Forest         Summ/Tloc      ###.......   16%         5    #####..
g - Mephitic Cloud        Conj/Pois/Air  ##......     8%          3    ##.....
h - Blink                 Tloc           N/A          2%          2    None

Your spell library contained the following spells:

 Spells                   Type           Power        Failure   Level  Hunger
 Summon Small Mammal      Summ           ####         1%          1    None
 Call Imp                 Summ           ####....     1%          2    None
 Recall                   Summ/Tloc      N/A          1%          3    ##.....
 Poisonous Vapours        Pois/Air       ###...       2%          2    None
 Summon Guardian Golem    Hex/Summ       ###.....     2%          3    ##.....
 Magic Dart               Conj           #...         4%          1    None
 Sting                    Conj/Pois      #...         4%          1    None
 Slow                     Hex            ##......     4%          2    None
 Gell's Gravitas          Tloc           ###.......   4%          3    ##.....
 Flame Tongue             Conj/Fire      #....        6%          1    None
 Throw Flame              Conj/Fire      #.....       9%          2    None
 Confuse                  Hex            ##......     10%         3    ##.....
 Summon Ice Beast         Ice/Summ       ###.....     13%         4    ####...
 Conjure Flame            Conj/Fire      #.......     16%         3    ##.....
 Inner Flame              Hex/Fire       #.......     16%         3    ##.....
 Olgreb's Toxic Radiance  Pois           #.......     43%         4    ####...
 Sticky Flame             Conj/Fire      #.......     45%         4    ####...
 Petrify                  Tmut/Erth      #.......     56%         4    ####...
 Venom Bolt               Conj/Pois      #.........   75%         5    #####..
 Metabolic Englaciation   Hex/Ice        #.........   77%         5    #####..
 Yara's Violent Unravell  Hex/Tmut       #.........   77%         5    #####..
 Fireball                 Conj/Fire      #.........   80%         5    #####..


Dungeon Overview and Level Annotations

Branches:
Dungeon (15/15)            Temple (0/1) D:7            Lair (6/6) D:10
  Swamp (0/4) Lair:4       Spider (0/4) Lair:2        Slime (0/5) Lair:5
    Orc (2/2) D:10            Elf (0/3) Orc:2        Vaults (0/5) D:14
 Depths (0/5) D:15

Altars:
Ashenzari
Cheibriados
Fedhas
Kikubaaqudgha
Makhleb
Nemelex Xobeh
Okawaru
Ru
Sif Muna
Trog
Xom
Beogh
Jiyva

Shops:
D:7 (   D:9 *   D:10 :   D:15 [   Orc:2 [(}?

Annotations:
D:14 6 runed translucent doors
Lair:1 3 runed translucent doors, hemabe's ghost, journeyman HuAr
Lair:2 exclusion: hydra
Lair:6 3 runed translucent doors, Turgor's ghost, journeyman CeHu


Innate Abilities, Weirdness & Mutations

You cannot wear most types of armour.
You are very stealthy in the water. (Stealth+)
You are amphibious.
You can wear up to eight rings at the same time.
You can use your tentacles to constrict eight enemies at once.
Your skin changes colour to match your surroundings (Stealth+).
Your rubbery body absorbs attacks. (AC +1, EV +1)
One of your tentacles bears a spike.
You are surrounded by a mild repulsion field. (EV +2)
You can translocate small distances at will.
You are clumsy. (Dex -2)
You occasionally shout uncontrollably at your foes.
You expend magic power (3 MP) to strengthen your wands.


Message History

The red devil hits you from afar with a +0 trident!
* * * LOW HITPOINT WARNING * * *
The orc warrior hits you with a +0 glaive!
* * * LOW HITPOINT WARNING * * *
The orc priest hits you with a +0 dagger.
* * * LOW HITPOINT WARNING * * *
The orc sorcerer casts a spell at you. You resist with almost no effort.
The orc priest calls upon Beogh to heal the orc warrior.
The orc warrior is healed somewhat.
The red devil hits you from afar with a +0 trident!!
* * * LOW HITPOINT WARNING * * *
The orc warrior shouts!
The orc priest hits you but does no damage.
The orc sorcerer gestures wildly while chanting.
The orc warrior hits you with a +0 glaive.
* * * LOW HITPOINT WARNING * * *
The orc priest hits you with a +0 flail!
You die...
Xom bursts into laughter!

## ##. ##..##
.....##
.......
....... ##
##.......
##..#oo4.o...
#....@o4o###.
###..o####
##... #.O..
#.....
###.... .....
......


You could see an orange demon, an orc sorcerer, a red devil, 2 orc warriors, an
ogre and 3 orc priests.

Vanquished Creatures
  Louise (D:14)
  2 orc warlords
  3 dire elephants (Lair:6)
  6 hydras
  Harold (Lair:1)
  A catoblepas (D:14)
  A vault guard (D:14)
  2 death knights (D:13)
  6 two-headed ogres
  A centaur warrior (D:14)
  5 skeletal warriors (D:12)
  3 unseen horrors
  A wizard (D:14)
  An ugly thing (D:11)
  2 cyclopes
  A deep elf mage (D:14)
  An orc sorcerer (Orc:2)
  A salamander (D:15)
  A manticore (D:14)
  11 elephants
  12 spiny frogs
  2 black mambas
  2 gargoyles
  A kobold demonologist (D:14)
  5 yaktaurs
  2 rime drakes
  2 freezing wraiths (D:13)
  8 komodo dragons
  2 tengu conjurers
  A redback zombie (D:15)
  3 meliai (D:13)
  4 trolls
  A jumping spider (shapeshifter) (D:15)
  A merfolk (D:10)
  4 jumping spiders (Lair:2)
  A polar bear (Lair:6)
  2 hornets (D:12)
  9 blink frogs
  2 slime creatures (D:15)
  6 hippogriffs
  Sigmund (D:2)
  2 bog bodies (Lair:4)
  A wraith (D:13)
  3 shadows
  A redback (Lair:2)
  A yak (shapeshifter) (D:14)
  A water elemental (D:12)
  2 vampires (D:13)
  29 yaks
  A fire bat (D:9)
  3 wyverns
  5 basilisks
  3 hungry ghosts
  9 vampire mosquitoes
  An acid dragon (D:15)
  A naga (D:10)
  2 insubstantial wisps (Lair:1)
  Menkaure (D:7)
  10 wargs
  16 water moccasins
  A swamp drake (D:10)
  4 porcupines
  A black bear (D:12)
  2 sky beasts
  44 orc warriors
  3 ice beasts
  A hornet zombie (D:12)
  2 phantoms
  14 ogres
  A necrophage (D:13)
  6 wolves
  17 crocodiles
  15 centaurs
  4 big kobolds
  20 bullfrogs
  A wyvern zombie (D:13)
  2 scorpions
  30 killer bees
  2 electric eels
  6 crimson imps
  7 howler monkeys
  A quasit (D:11)
  3 bullfrog zombies
  2 centaur zombies (D:10)
  7 hounds
  Crazy Yiuf (D:2)
  5 jellies
  27 orc priests
  3 centaur skeletons
  33 orc wizards
  3 bullfrog skeletons
  8 iguanas
  An iron imp (D:6)
  16 worker ants
  A killer bee zombie (D:8)
  4 hound zombies
  13 adders
  3 shadow imps
  An ooze (D:2)
  An adder zombie (D:9)
  4 adder skeletons
  4 worms
  2 dart slugs (D:1)
  3 leopard geckos
  125 orcs
  A ball python (D:1)
  12 giant cockroaches
  14 goblins
  10 hobgoblins
  15 jackals
  7 bats
  10 frilled lizards
  26 kobolds
  A leopard gecko zombie (D:7)
  3 quokka skeletons
  6 rats
  2 plants
775 creatures vanquished.

Vanquished Creatures (collateral kills)
  2 dire elephants (Lair:6)
  2 hydras
  A catoblepas (Lair:3)
  2 death knights (D:14)
  An anaconda (Lair:6)
  A centaur warrior (D:14)
  A death yak (Lair:4)
  A wolf spider zombie (D:15)
  4 oklob plants (Lair:4)
  An orc sorcerer (Orc:2)
  An elephant (Lair:6)
  3 spiny frogs
  A yaktaur (D:15)
  A rime drake (Lair:6)
  2 komodo dragons (Lair:4)
  A freezing wraith (D:14)
  A tengu conjurer (D:14)
  A troll (D:14)
  A polar bear (Lair:4)
  6 blink frogs
  2 slime creatures (D:14)
  2 hippogriffs
  A meliai zombie (D:14)
  A shadow (D:14)
  A yak (Lair:4)
  A wraith (D:13)
  A vampire mosquito (D:14)
  A soldier ant (D:14)
  A porcupine (Lair:5)
  2 orc warriors (Orc:2)
  An ogre (Orc:1)
  3 wolves (Lair:6)
  A scorpion (D:14)
  A killer bee (D:10)
  2 howler monkeys (D:14)
  2 orc priests (Orc:2)
  An orc wizard (D:15)
  A worker ant (D:14)
  3 orcs
  A bat (D:1)
  A fungus (Lair:6)
  7 plants
71 creatures vanquished.

Vanquished Creatures (others)
  2 yaktaurs (D:14)
  A steam dragon (D:10)
  A centaur (D:12)
  A bullfrog (D:12)
  An orc wizard (Orc:2)
  An orc (Orc:2)
  3 kobolds (D:12)
  A bush (Lair:4)
  19 fungi
  32 plants
62 creatures vanquished.

Grand Total: 908 creatures vanquished

Notes
Turn   | Place    | Note
-------+----------+-------------------------------------------
     0 | D:1      | valuechan the Octopode Chaos Knight began the quest for the
                  | Orb.
     0 | D:1      | Reached XP level 1. HP: 16/16 MP: 1/1
    54 | D:1      | Reached skill level 1 in Stealth
    54 | D:1      | Reached XP level 2. HP: 21/21 MP: 2/2
   377 | D:1      | Reached XP level 3. HP: 26/26 MP: 3/3
  1165 | D:2      | XOM is BORED!
  1165 | D:2      | XOM: medium Ice miscast
  1328 | D:2      | Reached XP level 4. HP: 30/31 MP: 4/4
  1560 | D:2      | Found a blossoming altar of Fedhas.
  1601 | D:2      | Found an iron altar of Okawaru.
  1624 | D:2      | XOM: god gift: scroll labeled OSKAEF PYTODUROALE {god gift}
  1793 | D:2      | Noticed Sigmund
  1799 | D:2      | Killed Sigmund
  1799 | D:2      | Reached XP level 5. HP: 37/37 MP: 5/5
  1799 | D:2      | Reached XP level 6. HP: 43/43 MP: 6/6
  1896 | D:2      | Found a runed translucent door.
  1897 | D:2      | Noticed Crazy Yiuf
  1905 | D:2      | Killed Crazy Yiuf
  2385 | D:3      | XOM: mild Chrm miscast
  2452 | D:3      | Found a faded altar of an unknown god.
  2500 | D:3      | XOM: scenery: create altars
  2787 | D:3      | XOM: give mutation
  2787 | D:3      | Gained mutation: You are agile. (Dex +2) [Xom's grace]
  2810 | D:3      | Found a bloodstained altar of Trog.
  2891 | D:3      | You fall through a shaft!
  2982 | D:4      | Found Nyulolof's Distillery.
  2993 | D:4      | Bought a potion of heal wounds for 60 gold pieces
  3168 | D:4      | Noticed a sky beast
  3169 | D:4      | XOM: mild Tmut miscast
  3900 | D:4      | Reached XP level 7. HP: 49/49 MP: 7/7
  4058 | D:4      | XOM: give mutation
  4058 | D:4      | Gained mutation: You are surrounded by a mild repulsion
                  | field. (EV +2) [Xom's grace]
  4059 | D:4      | XOM: 2-stop teleportation journey
  4122 | D:4      | XOM: god gift: fine arbalest {god gift}
  4123 | D:4      | Got a fine arbalest {god gift}
  4124 | D:4      | Identified the +8 arbalest of Yjif {chaos, rN+ MP+9} (Xom
                  | gifted it to you on level 4 of the Dungeon)
  4157 | D:4      | XOM: give mutations
  4157 | D:4      | Gained mutation: You are dopey. (Int -2) [Xom's mischief]
  4157 | D:4      | Lost mutation: You are agile. (Dex +2) [Xom's mischief]
  4162 | D:4      | XOM: god gift: scroll labeled ZUNGIG PIUM {god gift}
  4343 | D:4      | XOM: god gift: 15 gold pieces
  4394 | D:4      | XOM: cloud trail
  4507 | D:4      | XOM: give mutations
  4507 | D:4      | Gained mutation: You are partially covered in large bone
                  | plates. (SH +4) [Xom's grace]
  4507 | D:4      | Gained mutation: You can translocate small distances at
                  | will. [Xom's grace]
  4507 | D:4      | Gained mutation: One of your tentacles bears a spike.
                  | [Xom's grace]
  4533 | D:4      | Reached skill level 5 in Fighting
  4542 | D:4      | Found a burning altar of Makhleb.
  4618 | D:4      | Reached skill level 5 in Dodging
  4682 | D:4      | XOM: medium Hex miscast
  4811 | D:4      | Bought a potion of invisibility for 96 gold pieces
  4872 | D:2      | XOM: mild Chrm miscast
  4887 | D:2      | Fell from the grace of Xom
  4887 | D:2      | Became a worshipper of Warmaster Okawaru
  4951 | D:5      | Entered Level 5 of the Dungeon
  5147 | D:5      | Reached skill level 1 in Crossbows
  5177 | D:5      | XOM: 2-stop teleportation journey
  5185 | D:5      | Reached XP level 8. HP: 56/57 MP: 8/8
  5384 | D:5      | XOM: swap monsters
  5432 | D:5      | XOM: give mutations
  5432 | D:5      | Lost mutation: You are partially covered in large bone
                  | plates. (SH +4) [Xom's mischief]
  5432 | D:5      | Gained mutation: You expend magic power (3 MP) to
                  | strengthen your wands. [Xom's mischief]
  5455 | D:5      | XOM: stat loss: -2 Int (10/12)
  5802 | D:5      | Found a sparkling altar of Nemelex Xobeh.
  5802 | D:5      | Found a snail-covered altar of Cheibriados.
  5926 | D:6      | Reached * piety under Okawaru
  6042 | D:6      | Reached skill level 5 in Long Blades
  6307 | D:6      | XOM: mild Erth miscast
  6461 | D:6      | Reached ** piety under Okawaru
  6655 | D:6      | XOM: give mutations
  6655 | D:6      | Gained mutation: You are clumsy. (Dex -2) [Xom's mischief]
  6655 | D:6      | Lost mutation: You are dopey. (Int -2) [Xom's mischief]
  6836 | D:7      | Reached XP level 9. HP: 64/64 MP: 9/9
  6852 | D:7      | Noticed Menkaure
  6853 | D:7      | Killed Menkaure
  6955 | D:7      | XOM: mild Tloc miscast
  7112 | D:7      | Found a staircase to the Ecumenical Temple.
  7512 | D:7      | Found a sacrificial altar of Ru.
  7555 | D:7      | Found Aniovvy's Weapon Boutique.
  7838 | D:4      | Bought a potion of curing for 36 gold pieces
  7838 | D:4      | Bought a potion of might for 48 gold pieces
  7838 | D:4      | Bought a potion of haste for 120 gold pieces
  7838 | D:4      | Bought a potion of mutation for 96 gold pieces
  7838 | D:4      | Bought a potion of flight for 36 gold pieces
  7936 | D:6      | XOM: give mutation
  7936 | D:6      | Gained mutation: You occasionally shout uncontrollably at
                  | your foes. [Xom's mischief]
  7977 | D:8      | Reached skill level 1 in Shields
  8019 | D:8      | Reached skill level 1 in Invocations
  8019 | D:8      | Reached skill level 1 in Evocations
  8309 | D:8      | Noticed a two-headed ogre
  8311 | D:8      | Reached *** piety under Okawaru
  8326 | D:8      | Killed a two-headed ogre
  8326 | D:8      | Reached XP level 10. HP: 39/73 MP: 8/12
  9056 | D:8      | You fall through a shaft for 3 floors!
  9065 | D:11     | Learned a level 4 spell: Summon Lightning Spire
  9069 | D:11     | Learned a level 3 spell: Call Canine Familiar
  9085 | D:11     | Noticed a cyan ugly thing
  9136 | D:11     | Noticed a two-headed ogre
  9145 | D:11     | Killed a two-headed ogre
  9145 | D:11     | Reached **** piety under Okawaru
  9145 | D:11     | Reached skill level 1 in Spellcasting
  9145 | D:11     | Reached skill level 1 in Summonings
  9145 | D:11     | Reached skill level 1 in Air Magic
  9246 | D:11     | XOM: silly message
  9309 | D:11     | Noticed a two-headed ogre
  9325 | D:11     | Killed a two-headed ogre
  9325 | D:11     | Reached skill level 5 in Shields
  9456 | D:11     | XOM: noise
  9503 | D:11     | XOM: mild Ice miscast
  9629 | D:10     | Entered Level 10 of the Dungeon
  9646 | D:10     | XOM: medium Tloc miscast
  9722 | D:10     | Found a staircase to the Orcish Mines.
  9770 | D:10     | XOM: medium Pois miscast
 10140 | D:11     | XOM: medium Air miscast
 10410 | D:9      | Found a shattered altar of Ashenzari.
 10410 | D:9      | Found a deep blue altar of Sif Muna.
 10411 | D:9      | Found an ancient bone altar of Kikubaaqudgha.
 10510 | D:10     | XOM: divination: detect creatures
 10559 | D:10     | Reached XP level 11. HP: 76/78 MP: 13/15
 11133 | D:10     | Reached ***** piety under Okawaru
 11514 | D:10     | XOM: noise
 12074 | D:9      | Found Haistrad's General Store.
 12143 | D:9      | XOM: medium Hex miscast
 12652 | D:9      | XOM: summons 1 hostile demon
 12805 | D:9      | XOM: medium Fire miscast
 12815 | D:9      | XOM: noise
 12867 | D:9      | XOM: summons 3 hostile shadow creatures
 13524 | D:8      | Found the macabre finger necklace {rN+}
 13867 | D:8      | XOM: mild Air miscast
 14011 | D:10     | Received a gift from Okawaru
 14165 | D:10     | XOM: mild Pois miscast
 14165 | D:10     | Was forgiven by Xom
 14407 | D:10     | Found a staircase to the Lair.
 14452 | D:10     | Found Qoacyt's Book Shoppe.
 14458 | D:10     | Identified the Handbook of the Escort
 14487 | D:10     | Killed an unseen horror
 14487 | D:10     | Reached skill level 5 in Air Magic
 14699 | D:10     | Reached skill level 5 in Summonings
 15116 | D:11     | Noticed a two-headed ogre
 15359 | D:11     | Killed a cyan ugly thing
 15571 | D:11     | Killed a two-headed ogre
 15799 | D:11     | Reached XP level 12. HP: 83/84 MP: 18/18
 16077 | D:4      | Bought a potion of might for 48 gold pieces
 16077 | D:4      | Bought a potion of lignification for 36 gold pieces
 16077 | D:4      | Bought a potion of might for 48 gold pieces
 16077 | D:4      | Bought a potion of lignification for 36 gold pieces
 16232 | Lair:1   | Entered Level 1 of the Lair of Beasts
 16371 | Lair:1   | Noticed a seven-headed hydra
 17116 | Lair:1   | Noticed Harold
 17132 | Lair:1   | Killed Harold
 17237 | Lair:1   | Found a runed translucent gate.
 17237 | Lair:1   | Found a runed translucent gate.
 17237 | Lair:1   | Found a runed translucent gate.
 17238 | Lair:1   | Noticed a death ooze
 17239 | Lair:1   | Found a viscous altar of Jiyva.
 17239 | Lair:1   | Noticed hemabe's ghost (journeyman HuAr)
 17687 | Lair:2   | Noticed a four-headed hydra
 18015 | Lair:2   | Found a hole to the Spider Nest.
 18592 | Lair:2   | Reached skill level 5 in Invocations
 18694 | Lair:2   | Reached skill level 5 in Spellcasting
 18712 | Lair:2   | HP: 2/86 [hippogriff (8)]
 19891 | Lair:3   | Learned a level 1 spell: Animate Skeleton
 19893 | Lair:3   | Learned a level 1 spell: Apportation
 19895 | Lair:3   | Learned a level 1 spell: Confusing Touch
 19901 | Lair:3   | Learned a level 5 spell: Summon Forest
 20008 | Lair:3   | Received a gift from Okawaru
 20011 | Lair:3   | Reached XP level 13. HP: 86/91 MP: 17/20
 20210 | Lair:3   | Reached skill level 1 in Hexes
 20210 | Lair:3   | Reached skill level 1 in Necromancy
 20422 | Lair:3   | You fall through a shaft!
 20441 | Lair:4   | Found a staircase to the Swamp.
 21180 | Lair:4   | Received a gift from Okawaru
 21183 | Lair:4   | Got a crude hat {god gift}
 21221 | Lair:4   | HP: 4/92 [poisoned by a water moccasin]
 21227 | Lair:4   | HP: 3/92 [poisoned by a water moccasin]
 21233 | Lair:4   | HP: 2/92 [poisoned by a water moccasin]
 21241 | Lair:4   | HP: 2/92 [poisoned by a water moccasin]
 22050 | Lair:4   | Reached skill level 10 in Fighting
 22268 | Lair:4   | Identified the +1 hat of the Doge {Dex+3} (Okawaru gifted
                  | it to you on level 4 of the Lair of Beasts)
 22478 | Lair:4   | Reached skill level 10 in Long Blades
 23670 | Lair:4   | Learned a level 3 spell: Mephitic Cloud
 23673 | Lair:4   | Learned a level 2 spell: Blink
 23924 | Lair:5   | Reached skill level 1 in Translocations
 23967 | Lair:5   | Found a viscous altar of Jiyva.
 23967 | Lair:5   | Found a staircase to the Slime Pits.
 24040 | Lair:5   | Reached skill level 10 in Shields
 25048 | Lair:6   | Entered Level 6 of the Lair of Beasts
 25375 | Lair:6   | Received a gift from Okawaru
 25445 | Lair:6   | Reached XP level 14. HP: 76/99 MP: 16/23
 25780 | Lair:6   | Received a gift from Okawaru
 25952 | Lair:6   | Found a runed translucent gate.
 25976 | Lair:6   | Found a runed translucent gate.
 25977 | Lair:6   | Found a runed translucent gate.
 25983 | Lair:6   | Noticed Turgor's ghost (journeyman CeHu)
 25984 | Lair:6   | Found the +2 shield of Resistance {rF+ rC+ MR+}
 26410 | Lair:6   | Received a gift from Okawaru
 27184 | Lair:6   | Noticed a dire elephant
 27184 | Lair:6   | Noticed a dire elephant
 27231 | Lair:6   | Killed a dire elephant
 27496 | Lair:6   | Killed a dire elephant
 27518 | Lair:6   | Got a coiled bronze amulet
 27646 | Lair:6   | Noticed a dire elephant
 27709 | Lair:6   | Received a gift from Okawaru
 27875 | Lair:6   | Noticed a dire elephant
 27917 | Lair:6   | Killed a dire elephant
 28003 | Lair:6   | Killed a dire elephant
 28023 | Lair:6   | Noticed a dire elephant
 28040 | Lair:6   | Killed a dire elephant
 31834 | D:13     | Identified the amulet of Taneolom {+Rage Slay+3} (You found
                  | it on level 6 of the Lair of Beasts)
 32496 | D:14     | Noticed Louise
 32938 | D:14     | Reached XP level 15. HP: 103/107 MP: 21/24
 32963 | D:14     | Received a gift from Okawaru
 32986 | D:14     | Killed Louise
 33418 | D:14     | Noticed a frost giant
 33419 | D:14     | Noticed a tengu reaver
 33420 | D:14     | Noticed a tengu reaver
 33431 | D:14     | Reached skill level 10 in Dodging
 33554 | D:14     | Found a runed translucent gate.
 33554 | D:14     | Found a runed translucent gate.
 33554 | D:14     | Found a runed translucent gate.
 33793 | D:14     | Found a runed translucent gate.
 33793 | D:14     | Found a runed translucent gate.
 33793 | D:14     | Found a runed translucent gate.
 33805 | D:14     | Noticed a fire giant
 33805 | D:14     | an alligator snapping turtle changed into a fire giant
 34567 | D:14     | Found a gate to the Vaults.
 35273 | D:14     | Received a gift from Okawaru
 35701 | D:14     | Identified a scroll of acquirement
 36003 | D:15     | Entered Level 15 of the Dungeon
 36490 | D:15     | Found Karoizio's Armour Shoppe.
 36664 | D:15     | Found a staircase to the Depths.
 37116 | Orc:1    | Entered Level 1 of the Orcish Mines
 37464 | Orc:2    | Entered Level 2 of the Orcish Mines
 37555 | Orc:2    | Found a staircase to the Elven Halls.
 37591 | Orc:2    | Noticed an orc warlord
 37986 | Orc:1    | Killed an orc warlord
 38917 | Orc:2    | Found a roughly hewn altar of Beogh.
 38945 | Orc:2    | Found Ytiom's Magic Scroll Emporium.
 39107 | Orc:2    | Found a roughly hewn altar of Beogh.
 39125 | Orc:2    | Reached skill level 1 in Poison Magic
 39140 | Orc:2    | Found Teavygai's Gadget Emporium.
 39317 | Orc:2    | Found a roughly hewn altar of Beogh.
 39440 | Orc:2    | Found a roughly hewn altar of Beogh.
 39582 | Orc:2    | Found a roughly hewn altar of Beogh.
 39587 | Orc:2    | Reached skill level 1 in Conjurations
 39705 | Orc:2    | Found a roughly hewn altar of Beogh.
 40019 | Orc:2    | Noticed an orc warlord
 40066 | Orc:2    | Killed an orc warlord
 40135 | Orc:2    | Found Tiujare's Antique Weapon Emporium.
 40138 | Orc:2    | Found a roughly hewn altar of Beogh.
 40143 | Orc:2    | Found Eseiss's Antique Armour Shoppe.
 40322 | Orc:1    | Paralysed by an orc sorcerer for 7 turns
 40327 | Orc:1    | HP: 5/109 [orc warrior/+0 glaive (5)]
 40327 | Orc:1    | Slain by an orc priest

Levels and vault maps discovered:
D:1:      ncdulo_smallfort, layout_basic
D:2:      layout_loops_cross, fedhas_altar_4, okawaru_trees_1,
          minmay_octomino_j4, uniq_sigmund, uniq_crazy_yiuf_cottage
D:3:      minmay_chambers_of_threes, layout_basic, bloody_trog,
          chequers_ecumenical_altar_twisty, first_ration
D:4:      layout_basic, lemuel_round_altar, serial_shops, shop
D:5:      layout_basic, gammafunk_temple_overflow_statue, st_stairs_7
D:6:      layout_basic
D:7:      layout_basic, minmay_temple_entry_steel_oval, basic_altar,
          serial_shops, nicolae_shop_waterfront, uniq_menkaure
D:8:      minmay_ornate_pinched, layout_loops_ring
D:9:      layout_rooms, chequers_temple_overflow_statue_of_worship,
          serial_shops, shop
D:10:     layout_big_octagon, erik_lair_dragon, erik_orc_1, serial_shops,
          nicolae_shop_trees, nrook_mini_backslash, hangedman_fish_farm,
          nooodl_orcs_dogs
D:11:     layout_rooms
D:12:     layout_basic, serial_bayou_lake_a
D:13:     layout_loops_ring, serial_bayou_crossing
D:14:     kennysheep_treasure_stockpile, layout_cave_pools, david_vaults_5,
          uniq_louise
D:15:     hangedman_depths_entry_try_elsewhere_first, layout_long_grid,
          hangedman_abyss_or_decor_stabs, serial_shops, shop_fountains,
          serial_bayou_pond_a
Lair:1:   layout_misc_corridors, gammafunk_ghost_ooze, pond, grunt_megastairs_4,
          infiniplex_staircase_pool_2, uniq_harold
Lair:2:   layout_misc_corridors, spider_nest_entry_a
Lair:3:   layout_chaotic_city, hibernation_bobbens
Lair:4:   layout_long_grid, skrybe_swamp_entry_bodies, gauntlet_entry_generic,
          minmay_hedge_maze, minmay_lair_oklob_chamber,
          infiniplex_staircase_pool
Lair:5:   layout_gridlike, slime_altar_1, fungi_pond_lemuel,
          serial_bayou_shore_a
Lair:6:   due_jungle_book, layout_gridlike, maelrawn_ghost_gauntlet_escape,
          grunt_megastairs_2
Orc:1:    layout_diamond_mine
Orc:2:    grunt_orc_community_town_hall, layout_caves,
          grunt_orc_community_big_house_1, grunt_orc_community_big_house_2,
          grunt_orc_community_house_3, grunt_orc_community_house_2,
          grunt_orc_community_house_3, grunt_orc_community_house_2,
          grunt_orc_community_house_3, grunt_orc_community_house_1

Skill      XL: |  1  2  3  4  5  6  7  8  9 10 11 12 13 14 15 |
---------------+----------------------------------------------+-----
Stealth        | 1 2 4 |  4.7
Long Blades    | 4 5 6 7 9 10 11 12 | 12.0
Dodging        | 3 4 5 7 8 9 10 | 10.4
Fighting       | 4 5 7 8 9 10 11 12 | 12.3
Crossbows      | 1 3 |  3.0
Shields        | 3 5 7 8 10 11 12 | 12.1
Invocations    | 2 3 5 |  5.0
Evocations     | 2 3 |  3.0
Spellcasting   | 2 4 5 6 7 |  7.1
Summonings     | 3 5 6 7 8 |  8.4
Air Magic      | 3 5 6 |  6.0
Hexes          | 2 |  2.0
Necromancy     | 2 |  2.0
Translocations | 3 4 |  4.0
Poison Magic   | 1 |  1.0
Conjurations   | 1 |  1.3

Action                   |  1- 3 |  4- 6 |  7- 9 | 10-12 | 13-15 || total
-------------------------+-------+-------+-------+-------+-------++-------
Melee: Falchion          |    70 |   102 |    30 |   686 |       ||   888
       Constrict         |    22 |    25 |     3 |   124 |   211 ||   385
       Tentacles         |    10 |    17 |    11 |   237 |   504 ||   779
       Unarmed           |       |    16 |       |       |       ||    16
       Kick              |       |       |    14 |   367 |   799 ||  1180
       Punch             |       |       |       |    21 |    31 ||    52
       Scimitar          |       |       |       |    68 |  1589 ||  1657
       Short sword       |       |       |       |       |    40 ||    40
       Dagger            |       |       |       |       |     2 ||     2
 Fire: Blowgun           |       |     2 |       |       |       ||     2
       Arbalest          |       |       |   186 |    34 |       ||   220
Throw: Stone             |       |       |     1 |       |       ||     1
       Throwing net      |       |       |       |     1 |       ||     1
 Cast: Call Canine Famil |       |       |       |     5 |    17 ||    22
       Animate Skeleton  |       |       |       |       |    56 ||    56
       Summon Lightning  |       |       |       |       |    59 ||    59
       Blink             |       |       |       |       |     5 ||     5
       Mephitic Cloud    |       |       |       |       |     3 ||     3
       Summon Forest     |       |       |       |       |     2 ||     2
Invok: Heroism           |       |       |     1 |    31 |    41 ||    73
       Finesse           |       |       |       |       |     1 ||     1
 Abil: Evoke Berserk Rag |       |       |       |     1 |       ||     1
Evoke: Wand              |       |     1 |     2 |    10 |    16 ||    29
  Use: Potion            |       |     1 |       |     4 |     2 ||     7
       Scroll            |       |       |     6 |    12 |    18 ||    36
 Stab: Sleeping          |     6 |     8 |       |    15 |    24 ||    53
       Distracted        |       |     2 |     1 |     6 |    15 ||    24
       Petrifying        |       |     1 |     1 |     5 |       ||     7
       Petrified         |       |       |     2 |       |       ||     2
       Paralysed         |       |       |       |    27 |     3 ||    30
       Confused          |       |       |       |     8 |     2 ||    10
       Held in net/web   |       |       |       |     1 |       ||     1
  Eat: Chunk             |     1 |     8 |    11 |    32 |    49 ||   101
       Ration            |       |       |     1 |     2 |     9 ||    12
Armor: Skin              |     8 |    18 |     4 |     4 |    24 ||    58
Dodge: Dodged            |    45 |    82 |   106 |   566 |   844 ||  1643
Block: Other             |       |       |     2 |       |       ||     2
       Shield            |       |       |       |   153 |  1100 ||  1253
       Reflection        |       |       |       |       |    40 ||    40
       Rpst.: Falchion   |    18 |    20 |     4 |   146 |       ||   188
       Scimitar          |       |       |       |    13 |   181 ||   194

Table legend:
 A = Non-vault XP
 B = Vault XP
 C = Vault XP percentage of total XP
 D = Non-vault monster count
 E = Vault monster count
 F = Vault count percentage of total count
                 A         B        C        D         E       F
            +---------+---------+-------+---------+---------+-------
      Total |   87096 |   32373 |  27.1 |     643 |     201 |  23.8
            +---------+---------+-------+---------+---------+-------
        D:1 |      57 |       0 |   0.0 |      30 |       0 |   0.0
        D:2 |      54 |     286 |  84.1 |      21 |       4 |  16.0
        D:3 |      42 |      36 |  46.2 |      23 |      12 |  34.3
        D:4 |     477 |       0 |   0.0 |      17 |       0 |   0.0
        D:5 |     593 |       5 |   0.8 |      27 |       1 |   3.6
        D:6 |     787 |       0 |   0.0 |      25 |       0 |   0.0
        D:7 |    1105 |     157 |  12.4 |      26 |       1 |   3.7
        D:8 |    2101 |     598 |  22.2 |      30 |      11 |  26.8
        D:9 |    2143 |       0 |   0.0 |      36 |       0 |   0.0
       D:10 |    3157 |    3078 |  49.4 |      24 |      36 |  60.0
       D:11 |    4089 |       0 |   0.0 |      21 |       0 |   0.0
       D:12 |    9094 |       0 |   0.0 |      49 |       0 |   0.0
       D:13 |    7832 |       0 |   0.0 |      41 |       0 |   0.0
       D:14 |    7744 |    8773 |  53.1 |      34 |      22 |  39.3
       D:15 |    5067 |    1608 |  24.1 |      19 |       3 |  13.6
     Lair:1 |    3621 |    3021 |  45.5 |      18 |      12 |  40.0
     Lair:2 |    4687 |    1815 |  27.9 |      20 |       6 |  23.1
     Lair:3 |    4605 |     754 |  14.1 |      21 |       1 |   4.5
     Lair:4 |    6494 |    2667 |  29.1 |      27 |       9 |  25.0
     Lair:5 |    6397 |       0 |   0.0 |      22 |       0 |   0.0
     Lair:6 |   11126 |    3312 |  22.9 |      33 |       9 |  21.4
      Orc:1 |    3577 |       0 |   0.0 |      39 |       0 |   0.0
      Orc:2 |    2247 |    6263 |  73.6 |      40 |      74 |  64.9
            +---------+---------+-------+---------+---------+-------
